 Dungeon Crawl Stone Soup version 0.28-a0-1524-ge72afd5fc6 (webtiles) character file.

Game seed: 1374328925955856265

114 issech the Vexing (level 4, 0/25 HPs)
             Began as a Deep Elf Arcane Marksman on Jan 17, 2022.
             Slain by a black bear (1 damage)
             ... on level 2 of the Dungeon.
             The game lasted 00:15:38 (2834 turns).

issech the Vexing (Deep Elf Arcane Marksman)        Turns: 2834, Time: 00:15:38

Health: 0/25       AC:  4    Str:  7    XL:     4   Next: 67%
Magic:  7/8        EV: 17    Int: 18    God:
Gold:   132        SH:  0    Dex: 17    Spells: 5/6 levels left

rFire   + . .      SeeInvis .   a - +0 shortbow
rCold   + . .      Faith    .   (shield currently unavailable)
rNeg    . . .      Spirit   .   r - +2 robe {rC+ rF+}
rPois   .          Reflect  .   (no helmet)
rElec   .          Harm     .   (no cloak)
rCorr   .          Rampage  .   (no gloves)
Will    .....                   (no boots)
Stlth   ++........              (no amulet)
HPRegen 0.08/turn               k - +4 ring of evasion
MPRegen 0.11/turn               (no ring)

@: no status effects
A: no striking features
a: no special abilities


You were on level 2 of the Dungeon.
You visited 1 branch of the dungeon, and saw 2 of its levels.

You collected 132 gold pieces.

Inventory:

Hand Weapons
 a - a +0 shortbow (weapon)
 g - a +0 trident
 h - a +2 short sword of venom
 i - a +0 short sword
 m - a +0 dagger
 o - a +0 dagger
 p - a +0 dagger
 q - a +0 dagger
 s - a +0 whip
 t - a +0 club
 u - a +0 hunting sling
 v - a +0 club
 y - a +0 mace
 z - a +0 dagger
 A - a +0 hunting sling
 C - a +3 short sword
 D - a +0 hunting sling
Missiles
 b - 18 sling bullets
 c - 28 arrows (quivered ammo)
 j - 24 stones
 E - 20 bolts
Armour
 d - a +0 robe
 r - a +2 robe of resistance (worn)
 w - a +0 leather armour
 B - a +0 ring mail
Jewellery
 k - a +4 ring of evasion (left hand)
Scrolls
 f - 2 scrolls of teleportation {unknown}
 x - 2 scrolls of identify {unknown}
Potions
 e - a potion of might {unknown}
 n - a potion of curing {unknown}


   Skills:
 + Level 1.0 Fighting
 + Level 4.8 Bows
 + Level 2.8 Dodging
 + Level 0.4 Stealth
 + Level 1.8 Spellcasting
 + Level 5.5 Hexes


You had 5 spell levels left.
You knew the following spells:

 Your Spells              Type           Power      Damage    Failure   Level
a - Slow                  Hex            84%        N/A       1%          1

Your spell library contained the following spells:

 Spells                   Type           Power      Damage    Failure   Level
 Shock                    Conj/Air       4%         1d3       19%         1
 Inner Flame              Hex/Fire       11%        N/A       19%         3
 Portal Projectile        Hex/Tloc       22%        N/A       19%         3
 Cause Fear               Hex            10%        N/A       19%         4
 Iron Shot                Conj/Erth      0%         9d1       100%        6


Dungeon Overview and Level Annotations

Branches:
Dungeon (2/15)

Altars:


Message History

Aim: a black bear (moderately wounded, slow, 69% to hit)
You shoot an arrow. The arrow barely misses the black bear.
Fire: 32 arrows
Press: ? - help, Q - select action, (/) - cycle Shift-Dir - straight line, f/p - black bear
Aim: a black bear (moderately wounded, slow, 69% to hit)
You shoot an arrow. The arrow barely misses the black bear.
Fire: 31 arrows
Press: ? - help, Q - select action, (/) - cycle Shift-Dir - straight line, f/p - black bear
Aim: a black bear (moderately wounded, slow, 69% to hit)
You shoot an arrow. The arrow hits the black bear.
The black bear is moderately wounded.
Fire: 30 arrows
Press: ? - help, Q - select action, (/) - cycle Shift-Dir - straight line, f/p - black bear
Aim: a black bear (moderately wounded, slow, 69% to hit)
You shoot an arrow. The arrow barely misses the black bear.
Fire: 29 arrows
Press: ? - help, Q - select action, (/) - cycle Shift-Dir - straight line, f/p - black bear
Aim: a black bear (moderately wounded, slow, 69% to hit)
You shoot an arrow.
The arrow hits the black bear but does no damage.
The black bear is moderately wounded.
The black bear is no longer moving slowly.
Aiming: Slow (safe; 1% risk of failure)
Press: ? - help, Q - select action, (/) - cycle Shift-Dir - straight line, f/p - black bear
Aim: a black bear (moderately wounded, chance to affect: 61%)
The black bear resists with significant effort.
The black bear misses you. The black bear claws you. x2
* * * LOW HITPOINT WARNING * * *
The black bear closely misses you. x2; The black bear barely misses you.
You see here an arrow.
You see here an arrow.
You see here an arrow.
Aiming: Slow (safe; 1% risk of failure)
Press: ? - help, Q - select action, (/) - cycle Shift-Dir - straight line, f/p - black bear
Aim: a black bear (moderately wounded, chance to affect: 61%)
The black bear seems to slow down.
The black bear bites you.
* * * LOW HITPOINT WARNING * * *
The black bear barely misses you. The black bear claws you.
You die...

##. ##### #.. .# ##...## #.#
.# ##.###.## #.###.# ##.##
##.###.≈#..# ####.##
##.##.≈≈..# #....#
#.##.≈.###### #....##
##..#.#.##≈≈≈### #..##.##
#.@........#≈≈≈##
#..###.###.#h.###.##.###≈≈###
#..# #....##..##.#.≈≈....≈≈.#
#..# #.#####..###.≈≈.#≈≈≈...#
#>.# #.# #(.##.≈≈#.#≈###.##
#..###.#####..##.#.#.#≈# #.#
#####..##........###...#.###
#.# .................#
###.#.#####.##
#####.###.##(##..#
#..#.........


You could see a black bear (slow).

Vanquished Creatures
  A jelly (D:2)
  Jessica (D:2)
  2 adders (D:2)
  A worm (D:2)
  4 endoplasms
  A giant cockroach (D:1)
  3 goblins (D:2)
  3 hobgoblins
  4 jackals (D:2)
  5 kobolds
  A quokka (D:1)
  4 ball pythons
  2 bats
  2 frilled lizards (D:2)
  4 rats
38 creatures vanquished.

Notes
Turn   | Place    | Note
-------+----------+-------------------------------------------
     0 | D:1      | issech the Deep Elf Arcane Marksman began the quest for the
                  | Orb.
     0 | D:1      | Reached XP level 1. HP: 11/11 MP: 5/5
   286 | D:1      | Found a faded altar of an unknown god.
   416 | D:1      | Reached XP level 2. HP: 10/16 MP: 6/6
  1110 | D:2      | Noticed Jessica
  1113 | D:2      | Killed Jessica
  1114 | D:2      | Reached skill level 5 in Hexes
  1114 | D:2      | Reached XP level 3. HP: 5/20 MP: 7/7
  1924 | D:2      | Reached XP level 4. HP: 24/24 MP: 8/8
  2154 | D:2      | Got the Compendium of Combat Magic
  2427 | D:2      | Reached skill level 1 in Fighting
  2563 | D:2      | Noticed a black bear
  2834 | D:2      | HP: 1/25 [black bear (5)]
  2834 | D:2      | Slain by a black bear

Illustrated notes

Levels and vault maps discovered:
D:1:      lemuel_arrival_muddy, layout_basic,
          chequers_ecumenical_altar_simple_redux, minmay_tall_x
D:2:      layout_loops_ring, serial_rivers, chequers_serial_rivers_small_3,
          chequers_serial_rivers_micro_e, chequers_serial_rivers_large_a,
          chequers_serial_rivers_micro_d, chequers_serial_rivers_small_b,
          amcnicky_mini_corridor_feature, uniq_natasha, uniq_jessica

Skill      XL: |  1  2  3  4 |
---------------+-------------+-----
Bows           | 3 4 |  4.8
Hexes          | 5 |  5.5
Fighting       | 1 |  1.0
Dodging        | |  2.8
Stealth        | |  0.4
Spellcasting   | |  1.8

Action                   |  1- 3 |  4- 6 || total
-------------------------+-------+-------++-------
 Fire: Shortbow          |    86 |    65 ||   151
Throw: Dart              |       |     3 ||     3
 Cast: Slow              |       |     3 ||     3
Armor: Robe              |    10 |    10 ||    20
Dodge: Dodged            |    46 |    56 ||   102

Table legend: (Time is in decaauts)
 A = Elapsed time spent in this place.
 B = Non-inter-level travel time spent in this place.
 C = Inter-level travel time spent in this place.
 D = Time resting spent in this place.
 E = Time spent auto-exploring this place.
 F = Levels seen in this place.
 G = Mean time per level.
                   A        B        C        D        E       F      G
               +--------+--------+--------+--------+--------+-----+--------+
         Total |   2863 |   2863 |      0 |    637 |    932 |   2 | 1431.5 |
       Dungeon |   2863 |   2863 |      0 |    637 |    932 |   2 | 1431.5 |
               +--------+--------+--------+--------+--------+-----+--------+

Top non-repeatable levels by time:
     D:1: 1524 daAuts
     D:2: 1339 daAuts
